 Dungeon Crawl Stone Soup version 0.22.1-2-g9c5b331 (webtiles) character file.

41515 Fang the Severer (level 14, -5/138 HPs)
             Began as a Gargoyle Berserker on Dec 3, 2018.
             Was a High Priest of Trog.
             Slain by Rupert
             ... wielding a +1 great sword of slicing
              (7 damage)
             ... on level 6 of the Lair of Beasts.
             The game lasted 00:33:45 (17366 turns).

Fang the Severer (Gargoyle Berserker)              Turns: 17366, Time: 00:33:45

Health: -5/138     AC: 33    Str: 33    XL:     14   Next: 15%
Magic:  14/14      EV: 15    Int:  9    God:    Trog [*****.]
Gold:   1076       SH:  0    Dex: 12    Spells: 13/13 levels left

rFire    + . .     SeeInvis +   O - +6 battleaxe "Sinem" {chop, rElec rPois rN+ Str+3}
rCold    . . .     Gourm    .   (shield currently unavailable)
rNeg     + + .     Faith    .   z - +1 plate armour
rPois    ∞         Spirit   .   C - +2 hat {SInv}
rElec    +         Reflect  .   K - +1 cloak {rPois}
rCorr    .         Harm     .   (no gloves)
MR       +....                  (no boots)
Stlth    ..........             i - amulet of rage
HPRegen  0.33/turn              m - +5 ring of evasion
MPRegen  0.14/turn              L - ring of Jyesathra {Fire Dex+3 Stlth+}

@: berserking, very quick
A: big wings, thin metallic scales 1, cold resistance 1, negative energy
resistance 1, electricity resistance, unbreathing, petrification resistance, rot
immunity, AC +10
a: Fly, Berserk, Trog's Hand, Brothers in Arms, Renounce Religion, Evoke Berserk
Rage


You were on level 6 of the Lair of Beasts.
You worshipped Trog.
Trog was extremely pleased with you.
You were near starving.

You visited 3 branches of the dungeon, and saw 17 of its levels.
You also visited: Labyrinth.

You collected 1076 gold pieces.

Inventory:

Hand Weapons
 a - a +4 antimagic war axe
 s - a +1 war axe of draining
 G - a +1 war axe of electrocution
 M - a +4 battleaxe of venom
 O - the +6 battleaxe "Sinem" (weapon) {chop, rElec rPois rN+ Str+3}
   (You found it in a labyrinth)

   It inflicts extra damage upon your enemies.
   It affects your strength (+3).
   It insulates you from electricity.
   It protects you from poison.
   It protects you from negative energy.
 P - a +1 antimagic executioner's axe
Armour
 z - a +1 plate armour (worn)
 B - the +3 hat of Pondering {ponderous, MR+ MP+10 Int+5}
   (You found it on level 7 of the Dungeon)

   It affects your intelligence (+5).
   It affects your resistance to hostile enchantments.
   It affects your magic capacity (+10).
 C - a +2 hat of see invisible (worn)
 K - a +1 cloak of poison resistance (worn)
Jewellery
 e - a +5 ring of evasion
 h - an uncursed ring of fire
 i - an amulet of rage (around neck)
 j - an uncursed ring of positive energy
 m - a +5 ring of evasion (left hand)
 p - an uncursed ring of resist corrosion
 L - the ring of Jyesathra (right hand) {Fire Dex+3 Stlth+}
   (You found it on level 2 of the Lair of Beasts)

   [ring of fire]

   It enhances your fire magic.
   It affects your dexterity (+3).
   It protects you from fire.
   It makes you vulnerable to cold.
   It makes you more stealthy.
 N - a +1 ring of slaying
 S - an uncursed ring of protection from cold {unknown}
Wands
 v - a wand of polymorph (19)
 w - a wand of iceblast (5)
 A - a wand of acid (13)
 E - a wand of flame (23)
 F - a wand of scattershot (7)
 H - a wand of clouds (4)
 J - a wand of digging (15)
Scrolls
 f - 5 scrolls of teleportation
 o - 3 scrolls of remove curse
 q - 3 scrolls of magic mapping
 y - a scroll of blinking
 D - 5 scrolls of fear
 I - 3 scrolls of identify
 U - a scroll of silence {unknown}
Potions
 b - 6 potions of curing
 d - a potion of brilliance
 g - 3 potions of agility
 k - a potion of invisibility
 l - 4 potions of cancellation
 n - 3 potions of magic
 r - a potion of lignification
 t - 11 potions of flight
 u - a potion of resistance
 x - 5 potions of heal wounds
 Q - a potion of ambrosia
 R - a potion of might
 T - a potion of berserk rage {unknown}
Comestibles
 c - 21 rations


   Skills:
 + Level 12.0 Fighting
 + Level 16.3 Axes
 + Level 11.5 Armour
 + Level 4.0 Dodging
 + Level 1.6 Stealth


You had 13 spell levels left.
You didn't know any spells.
Your spell library was empty.

Dungeon Overview and Level Annotations

Branches:
Dungeon (10/15)            Temple (1/1) D:7            Lair (6/6) D:9
 Shoals (0/4) Lair:3       Spider (0/4) Lair:3        Slime (0/5) Lair:6
    Orc (0/2) D:10

Altars:
Cheibriados
Dithmenos
Gozag
Xom
Yredelemnul
The Shining One

Annotations:
Lair:1 3 runed doors, Muvuribo's ghost, journeyman DrVM; XomIzBomb's ghost, journeyman MiBe
Lair:2 exclusion: oklob plant
Lair:3 2 transporters
Lair:6 Rupert


Innate Abilities, Weirdness & Mutations

You are resistant to torment.
Your stone body is resilient. (AC +10)
You are immune to poison.
Your large and strong wings let you fly indefinitely.
You resist negative energy. (rN+)
You are resistant to electric shocks. (rElec)
You can survive without breathing.
You are immune to petrification.
You are immune to rotting.
You are partially covered in thin metallic scales. (AC +2)
Your flesh is cold resistant. (rC+)


Message History

Something appears at your feet! Trog grants you a weapon!
Your Fighting skill increases to level 12!
Rupert misses you.
You slice Rupert!!
Rupert is almost dead.
Unknown command.
You closely miss Rupert.
Rupert is almost dead.
Rupert hits you with a great sword of slicing.
* * * LOW HITPOINT WARNING * * *
x2 Unknown command.
You closely miss Rupert.
Rupert is almost dead.
A tyrant leech comes into view.
Unknown command.
You closely miss Rupert.
Rupert is almost dead.
Rupert hits you with a great sword of slicing!
You die...

.# ###### .. .##
#..#.#### #.## P.#
##.....#.# #.?# .P#
#........##...#
P####........$.#.# ≈
.PP...........#..### ..≈
...................#.P≈≈
...P#..........†.†.P...≈
....#..........†@†.....≈
..#.#..........††@...≈..
...#..................P.
......................[P
........................
........................
............#.....%..w
.######........


You could see Rupert (berserk) and a tyrant leech.

Vanquished Creatures
  Gastronok (D:8)
  A minotaur (Lab)
  2 hydras
  A two-headed ogre (D:8)
  Urug (Lair:4)
  Pikel (D:5)
  An ugly thing (D:10)
  The ghost of shamaniam the Ruffian, a novice TrTm (D:4)
  3 black mambas
  9 elephants
  5 torpor snails
  13 spiny frogs
  2 komodo dragons
  A polar bear (Lair:6)
  2 trolls (D:10)
  A hornet (D:10)
  2 tyrant leeches (Lair:6)
  A slime creature (D:7)
  Prince Ribbit (D:7)
  17 blink frogs
  6 hippogriffs
  4 dream sheep (Lair:4)
  31 yaks
  A wyvern (Lair:5)
  2 wraiths
  4 basilisks
  3 vampire mosquitoes (Lair:6)
  2 hungry ghosts (D:10)
  Duvessa (D:7)
  17 porcupines
  9 water moccasins
  4 orc warriors
  A black bear (D:7)
  3 sky beasts
  3 slaves (D:5)
  12 wolves
  2 phantoms
  An eye of draining (D:8)
  9 centaurs
  6 ogres
  14 crocodiles
  A big kobold (D:9)
  21 bullfrogs
  3 scorpions
  A wyvern skeleton (D:7)
  Dowan (D:7)
  9 killer bees (D:7)
  A troll zombie (D:10)
  An electric eel (D:6)
  4 howler monkeys
  9 crimson imps
  A quasit (D:10)
  3 bullfrog zombies
  6 hounds
  5 orc priests
  6 jellies
  7 orc wizards
  2 bullfrog skeletons (D:9)
  2 centaur skeletons
  7 worker ants
  Natasha (thrice) (D:2)
  4 iguanas
  A centaur simulacrum (D:4)
  5 ogre zombies (D:10)
  A hound skeleton (D:4)
  A howler monkey skeleton (D:6)
  12 adders
  A hound simulacrum (D:4)
  3 shadow imps
  A white imp (D:4)
  2 worker ant simulacra (D:4)
  5 oozes (Lair:6)
  An adder skeleton (D:8)
  2 adder zombies
  A worm (D:2)
  11 dart slugs
  An adder simulacrum (D:4)
  A leopard gecko (D:4)
  34 orcs
  6 bats
  9 giant cockroaches
  4 goblins
  10 hobgoblins
  22 jackals
  5 quokkas
  3 ball pythons
  3 frilled lizards
  A giant cockroach simulacrum (D:4)
  2 goblin skeletons (D:10)
  4 goblin zombies (D:10)
  11 kobolds
  13 orc zombies (D:10)
  2 quokka simulacra
  2 quokka skeletons (D:5)
  6 rats
  3 fungi
487 creatures vanquished.

Vanquished Creatures (collateral kills)
  2 hydras (Lair:2)
  3 elephants (Lair:5)
  A black mamba (Lair:2)
  3 yaks (Lair:2)
9 creatures vanquished.

Vanquished Creatures (others)
  An orc (D:6)
  A jackal (D:5)
  A bush (D:9)
  A fungus (D:9)
  29 plants
  4 withered plants (Lair:1)
37 creatures vanquished.

Grand Total: 533 creatures vanquished

Notes
Turn   | Place    | Note
-------+----------+-------------------------------------------
     0 | D:1      | Fang the Gargoyle Berserker began the quest for the Orb.
     0 | D:1      | Reached XP level 1. HP: 14/14 MP: 1/1
   135 | D:1      | Reached skill level 3 in Axes
   135 | D:1      | Reached XP level 2. HP: 19/19 MP: 2/2
   834 | D:2      | Reached XP level 3. HP: 11/23 MP: 3/3
   837 | D:2      | Reached ** piety under Trog
  1294 | D:2      | Reached XP level 4. HP: 29/29 MP: 4/4
  1647 | D:2      | Noticed Natasha
  1655 | D:2      | Killed Natasha
  1687 | D:2      | Noticed Natasha
  1695 | D:2      | Killed Natasha
  1695 | D:2      | Reached XP level 5. HP: 26/33 MP: 5/5
  2520 | D:2      | Noticed Natasha
  2544 | D:2      | Killed Natasha
  2544 | D:2      | Reached skill level 4 in Axes
  2823 | D:3      | Found a faded altar of an unknown god.
  2908 | D:3      | Found a shimmering altar of Xom.
  2971 | D:3      | Reached XP level 6. HP: 36/38 MP: 6/6
  3055 | D:3      | Reached skill level 1 in Stealth
  3067 | D:3      | Reached *** piety under Trog
  3404 | D:3      | Reached skill level 5 in Axes
  3920 | D:4      | Reached XP level 7. HP: 40/44 MP: 7/7
  4263 | D:4      | Found an opulent altar of Gozag.
  4315 | D:4      | Found a runed gate.
  4315 | D:4      | Found a runed gate.
  4315 | D:4      | Found a runed gate.
  4474 | D:4      | Reached **** piety under Trog
  4560 | D:4      | Noticed shamaniam's ghost (novice TrTm)
  4573 | D:4      | Killed shamaniam's ghost
  4573 | D:4      | Reached skill level 6 in Axes
  4573 | D:4      | Reached skill level 5 in Armour
  4573 | D:4      | Reached XP level 8. HP: 11/48 MP: 2/8
  4996 | D:4      | Found a glowing golden altar of the Shining One.
  5051 | D:5      | Entered Level 5 of the Dungeon
  5056 | D:5      | Noticed Pikel
  5076 | D:5      | Killed Pikel
  5076 | D:5      | Reached skill level 5 in Fighting
  5076 | D:5      | Reached skill level 7 in Axes
  5181 | D:5      | Found a shadowy altar of Dithmenos.
  5358 | D:5      | Reached skill level 8 in Axes
  5358 | D:5      | Reached XP level 9. HP: 54/54 MP: 3/9
  5495 | D:5      | Reached ***** piety under Trog
  6395 | D:6      | Reached skill level 9 in Axes
  7307 | D:7      | Noticed Duvessa
  7308 | D:7      | Noticed Dowan
  7315 | D:7      | Killed Duvessa
  7319 | D:7      | Killed Dowan
  7430 | D:7      | Reached XP level 10. HP: 57/61 MP: 3/10
  7491 | D:7      | Reached skill level 10 in Axes
  7626 | D:7      | Received a gift from Trog
  7904 | D:7      | Found a staircase to the Ecumenical Temple.
  7969 | D:7      | Noticed Prince Ribbit
  7982 | D:7      | Killed Prince Ribbit
  8021 | D:7      | Found the +3 hat of Pondering {ponderous, MR+ MP+10 Int+5}
  8108 | Temple   | Entered the Ecumenical Temple
  8146 | D:8      | Noticed a two-headed ogre
  8158 | D:8      | Killed a two-headed ogre
  8238 | D:8      | Reached skill level 11 in Axes
  8406 | D:8      | Noticed Gastronok
  8448 | D:8      | Killed Gastronok
  8448 | D:8      | Reached XP level 11. HP: 68/68 MP: 3/11
  8734 | D:9      | Reached skill level 12 in Axes
  9004 | D:9      | Found a staircase to the Lair.
  9687 | D:10     | Entered Level 10 of the Dungeon
  9715 | D:10     | Received a gift from Trog
  9991 | D:10     | Noticed a brown ugly thing
 10013 | D:10     | Killed a brown ugly thing
 10172 | D:10     | Reached skill level 13 in Axes
 10201 | D:10     | Found a staircase to the Orcish Mines.
 10637 | Lair:1   | Entered Level 1 of the Lair of Beasts
 10653 | Lair:1   | Reached XP level 12. HP: 39/76 MP: 4/12
 11142 | Lair:1   | Noticed a four-headed hydra
 11166 | Lair:1   | Killed a 20-headed hydra
 11379 | Lair:1   | Received a gift from Trog
 11433 | Lair:1   | Reached skill level 14 in Axes
 11523 | Lair:1   | Found a snail-covered altar of Cheibriados.
 11535 | Lair:1   | Reached skill level 10 in Fighting
 11598 | Lair:1   | Found a runed gate.
 11599 | Lair:1   | Found a runed gate.
 11599 | Lair:1   | Found a runed gate.
 11600 | Lair:1   | Noticed Muvuribo's ghost (journeyman DrVM)
 11601 | Lair:1   | Noticed XomIzBomb's ghost (journeyman MiBe)
 12047 | Lair:2   | Noticed a four-headed hydra
 12051 | Lair:2   | Killed a four-headed hydra
 12072 | Lair:2   | Got a shimmering bone ring
 12074 | Lair:2   | Identified the ring of Jyesathra {Fire Dex+3 Stlth+} (You
                  | found it on level 2 of the Lair of Beasts)
 12112 | Lair:2   | Found a labyrinth entrance.
 12120 | Lab      | Entered a labyrinth
 13380 | Lab      | Noticed a minotaur
 13391 | Lab      | Killed a minotaur
 13391 | Lab      | Reached skill level 10 in Armour
 13397 | Lab      | Got a crude battleaxe
 13398 | Lab      | Identified the +6 battleaxe "Sinem" {chop, rElec rPois rN+
                  | Str+3} (You found it in a labyrinth)
 13439 | Lair:2   | Noticed a four-headed hydra
 13452 | Lair:2   | Killed a four-headed hydra
 13754 | Lair:2   | Gained mutation: You are partially covered in thin metallic
                  | scales. (AC +2) [potion of mutation]
 13754 | Lair:2   | Gained mutation: Your flesh is cold resistant. (rC+)
                  | [potion of mutation]
 14241 | Lair:3   | Noticed an eight-headed hydra
 14256 | Lair:3   | Killed a 15-headed hydra
 14256 | Lair:3   | Reached XP level 13. HP: 83/83 MP: 13/13
 14400 | Lair:3   | Found a dark tunnel.
 14446 | Lair:3   | Found a hole to the Spider Nest.
 14487 | Lair:3   | Found a transporter.
 14522 | Lair:3   | Found a staircase to the Shoals.
 14747 | Lair:3   | Found a transporter.
 14915 | Lair:4   | Reached skill level 15 in Axes
 15048 | Lair:4   | Noticed Urug
 15058 | Lair:4   | Killed Urug
 15922 | Lair:5   | Received a gift from Trog
 16830 | Lair:6   | Entered Level 6 of the Lair of Beasts
 16831 | Lair:6   | Found a staircase to the Slime Pits.
 16831 | Lair:6   | Found a basalt altar of Yredelemnul.
 17031 | Lair:6   | Reached skill level 16 in Axes
 17032 | Lair:6   | Gained mutation: Your large and strong wings let you fly
                  | indefinitely. [Gargoyle growth]
 17032 | Lair:6   | Reached XP level 14. HP: 91/91 MP: 14/14
 17341 | Lair:6   | Noticed Rupert
 17346 | Lair:6   | Paralysed by Rupert for 5 turns
 17360 | Lair:6   | HP: 4/136 [Rupert/great sword of slicing (4)]
 17362 | Lair:6   | Received a gift from Trog
 17364 | Lair:6   | HP: 1/138 [Rupert/great sword of slicing (1)]
 17366 | Lair:6   | Slain by Rupert

Skill      XL: |  1  2  3  4  5  6  7  8  9 10 11 12 13 14 |
---------------+-------------------------------------------+-----
Axes           | 3 4 5 6 8 9 11 13 14 16 | 16.3
Armour         | 3 4 5 6 7 8 9 10 11 | 11.5
Dodging        | 2 3 4 |  4.0
Fighting       | 4 5 6 8 9 10 11 12 | 12.0
Stealth        | 1 |  1.6

Action                   |  1- 3 |  4- 6 |  7- 9 | 10-12 | 13-15 || total
-------------------------+-------+-------+-------+-------+-------++-------
Melee: Hand axe          |   112 |   199 |       |       |       ||   311
       War axe           |       |   102 |   375 |   519 |       ||   996
       Battleaxe         |       |       |       |   104 |   256 ||   360
Invok: Berserk           |     1 |       |     4 |     9 |     3 ||    17
       Brothers in Arms  |       |       |       |     2 |     1 ||     3
  Use: Potion            |       |       |     1 |     1 |     1 ||     3
       Scroll            |       |       |    14 |    12 |     4 ||    30
 Stab: Invisible         |       |     2 |       |       |       ||     2
  Eat: Chunk             |     1 |     9 |    10 |    29 |     7 ||    56
       Ration            |       |       |     2 |     1 |     2 ||     5
Armor: Scale mail        |    67 |   122 |   123 |       |       ||   312
       Animal skin       |     1 |       |       |       |       ||     1
       Plate armour      |       |       |    79 |   354 |   223 ||   656
Dodge: Dodged            |    67 |   271 |   454 |   662 |   278 ||  1732
